 Dungeon Crawl Stone Soup version 0.29.1-15-g9cfb28693d (webtiles) character file.

Game seed: 16938000133531208364

337 Cheops the Ruffian (level 6, -4/51 HPs)
             Began as a Ghoul Monk on Apr 27, 2023.
             Slain by a gnoll
             ... wielding a +0 flail
             ... led by a gnoll bouda
              (6 damage)
             ... on level 4 of the Dungeon.
             The game lasted 00:04:45 (4007 turns).

Cheops the Ruffian (Ghoul Monk)                     Turns: 4007, Time: 00:04:46

Health: -4/51      AC:  4    Str: 15    XL:     6   Next: 54%
Magic:  5/5        EV: 12    Int:  5    God:
Gold:   122        SH:  0    Dex: 13    Spells: 5/5 levels left

rFire   . . .      SeeInvis .     - Unarmed
rCold   + . .      Faith    .   (no shield)
rNeg    + + +      Spirit   .   a - +0 robe
rPois   ∞          Reflect  .   f - +2 hat
rElec   .          Harm     .   (no cloak)
rCorr   .          Rampage  .   (no gloves)
Will    .....                   (no boots)
Stlth   ++........              r - amulet of regeneration
HPRegen 0.00/turn               (no ring)
MPRegen 0.09/turn               (no ring)

@: inhibited regen
A: claws 1, cold resistance 1, negative energy resistance 3, inhibited
regeneration, torment resistance 2, devour on kill
a: no special abilities


You were on level 4 of the Dungeon.
You visited 1 branch of the dungeon, and saw 4 of its levels.

You collected 122 gold pieces.

Inventory:

Armour
 a - a +0 robe (worn)
 f - a +2 hat (worn)
Magical Staves
 t - a staff of conjuration
Jewellery
 p - an amulet of magic regeneration
 r - an amulet of regeneration (around neck)
Wands
 u - a wand of paralysis (5)
Scrolls
 d - 2 scrolls of identify {unknown}
 l - 2 scrolls of teleportation {unknown}
 m - 2 scrolls of enchant armour {unknown}
 n - a scroll of vulnerability {unknown}
 q - a scroll of brand weapon {unknown}
 s - a scroll of immolation {unknown}
 v - a scroll of noise {unknown}
 y - a scroll of enchant weapon {unknown}
Potions
 b - a potion of ambrosia
 c - a potion of haste {unknown}
 e - a potion of mutation {unknown}
 g - 2 potions of degeneration {unknown}
 h - a potion of magic {unknown}
 i - a potion of brilliance {unknown}
 j - 2 potions of curing {unknown}
 k - 2 potions of flight {unknown}
 o - a potion of heal wounds {unknown}
 w - a potion of resistance {unknown}
 x - a potion of attraction {unknown}
 z - a potion of might {unknown}


   Skills:
 - Level 3.2 Fighting
 - Level 2.6 Dodging
 - Level 2.1 Stealth
 + Level 7.8 Unarmed Combat


You had 5 spell levels left.
You didn't know any spells.
Your spell library contained the following spells:

 Spells                   Type           Power      Damage    Failure   Level
 Tukima's Dance           Hex            0%         N/A       85%         3
 Passage of Golubria      Tloc           0%         N/A       99%         4
 Petrify                  Tmut/Erth      0%         N/A       99%         4
 Irradiate                Conj/Tmut      0%         3d11      100%        5
 Yara's Violent Unravell  Hex/Tmut       0%         3d3       100%        5
 Sublimation of Blood     Necr           Unusable   N/A       N/A         2

Dungeon Overview and Level Annotations

Branches:
Dungeon (4/15)
 Temple: D:4-7

Altars:
Gozag
Kikubaaqudgha
Qazlal


Innate Abilities, Weirdness & Mutations

You are immune to poison.
You have sharp fingernails.
Your flesh is cold resistant. (rC+)
You are immune to negative energy. (rN+++)
You do not regenerate when monsters are visible.
You are immune to unholy pain and torment.
You thrive by killing the living.


Message History

The gnoll bouda is lightly wounded.
The gnoll bouda barely misses you.
You scratch the gnoll bouda.
The gnoll bouda is heavily wounded.
The gnoll bouda calls upon its god to heal the gnoll.
The gnoll is healed somewhat.
You scratch the gnoll bouda but do no damage.
The gnoll bouda is heavily wounded.
The gnoll bouda hits you with a +0 whip!
You scratch the gnoll bouda but do no damage.
The gnoll bouda is heavily wounded.
The gnoll bouda calls upon its god to heal the gnoll.
The gnoll is healed somewhat.
You barely miss the gnoll bouda.
The gnoll bouda is heavily wounded.
The gnoll is no longer moving quickly. x2
You scratch the gnoll bouda but do no damage.
The gnoll bouda is heavily wounded.
The gnoll bouda hits you with a +0 whip!
* * * LOW HITPOINT WARNING * * *
You closely miss the gnoll bouda.
You claw the gnoll bouda, but do no damage.
The gnoll bouda is heavily wounded.
Your attacks no longer feel as feeble.
The gnoll bouda hits you with a +0 whip!
* * * LOW HITPOINT WARNING * * *
You scratch the gnoll bouda.
The gnoll bouda is severely wounded.
The gnoll bouda barks out a call to the hunt!
The gnolls pick up the pace!
You claw the gnoll bouda!
You kill the gnoll bouda!
You barely miss the gnoll.
The gnoll is lightly wounded.
The gnoll hits you with a +0 flail!
* * * LOW HITPOINT WARNING * * *
You claw the gnoll!
The gnoll is almost dead.
The gnoll hits you with a +0 flail.
You die...

._.# ... #.#
#.. #.# #.# #(#
#.# #.# #g# #
#.# #g# # #.#
#g# #
#.#####.#####@#
#
#.............#
#
#######.#######
# ..# #.# # #.#
#.# # #.# #.#
######.# #.#
....##.# #.#
###.##.###.#


You could see 3 gnolls.

Vanquished Creatures
  An ogre (D:3)
  A bullfrog (D:4)
  A gnoll bouda (D:4)
  4 adders
  4 gnolls (D:3)
  A worm (D:2)
  2 dart slugs
  10 orcs
  3 ball pythons
  7 bats
  3 endoplasms
  3 giant cockroaches
  5 hobgoblins
  7 jackals (D:1)
  A quokka (D:2)
  3 frilled lizards
  4 goblins (D:2)
  7 kobolds
  6 rats
  A spectral hobgoblin (D:3)
74 creatures vanquished.

Notes
Turn   | Place    | Note
-------+----------+-------------------------------------------
     0 | D:1      | Cheops the Ghoul Monk began the quest for the Orb.
     0 | D:1      | Reached XP level 1. HP: 19/19 MP: 0/0
   232 | D:1      | You fall into a shaft and drop 1 floor!
   282 | D:2      | Reached skill level 4 in Unarmed Combat
   282 | D:2      | Reached XP level 2. HP: 19/26 MP: 1/1
   512 | D:2      | Reached XP level 3. HP: 29/31 MP: 2/2
   749 | D:2      | Found an ancient bone altar of Kikubaaqudgha.
  1350 | D:1      | Reached skill level 5 in Unarmed Combat
  1771 | D:1      | Reached XP level 4. HP: 38/38 MP: 3/3
  2770 | D:3      | Reached skill level 6 in Unarmed Combat
  2773 | D:3      | Reached XP level 5. HP: 9/45 MP: 4/4
  3033 | D:3      | Noticed an ogre
  3042 | D:3      | Killed an ogre
  3087 | D:3      | Reached skill level 7 in Unarmed Combat
  3416 | D:3      | Reached XP level 6. HP: 51/51 MP: 5/5
  3468 | D:3      | Found a faded altar of an unknown god.
  3717 | D:4      | Found an opulent altar of Gozag.
  3977 | D:4      | Found a stormy altar of Qazlal.
  4006 | D:4      | HP: 2/51 [gnoll/+0 flail[a gnoll bouda] (8)]
  4007 | D:4      | Slain by a gnoll

Illustrated notes

Levels and vault maps discovered:
D:1:      arrival_zaba_pyramid, layout_basic, serial_co_window_serial,
          co_window_paths_a, co_window_of_opportunity_a,
          co_window_of_opportunity_a, co_window_corner_a, co_window_paths_b,
          co_window_of_opportunity_a, co_window_of_opportunity_a,
          co_window_corner_a, co_window_corner_a, co_window_2corner,
          co_window_broadway_b, co_window_corner_b, co_window_of_opportunity_c,
          glass_columns_a, glass_columns_b, glass_columns_b, glass_columns_a,
          glass_columns_b, hangedman_decor_slide_cut
D:2:      layout_basic, basic_altar, amcnicky_mini_pool_small
D:3:      layout_loops_cross, dreamdust_ecumenical_altar_drowned_temple
D:4:      layout_basic, nicolae_uskayaw_dance_hall,
          mainiacjoe_overflow_tiny_flanked,
          mainiacjoe_overflow_concentric_impassable

Skill      XL: |  1  2  3  4  5 |
---------------+----------------+-----
Unarmed Combat | 4 5 6 7 |  7.8
Fighting       | |  3.2
Dodging        | |  2.6
Stealth        | |  2.1

Action                   |  1- 3 |  4- 6 || total
-------------------------+-------+-------++-------
Melee: Unarmed           |    83 |   148 ||   231
       Punch             |     2 |     5 ||     7
 Stab: Sleeping          |     2 |     4 ||     6
Armor: Robe              |    17 |    22 ||    39
Dodge: Dodged            |    50 |    68 ||   118
